Map: Tokamak LE

Players

jkdjunjjh - Winner!

  • Race: Terran Terran
  • Spawn Location: 1:00

VOD

Have the link to the VOD?

Description

Time

  • Played on: July 26, 2025, 11:32 a.m.
  • Length: 23:13
Show
View Real Time Build Order
Export as new Build Order

jkdjunjjh Terran - Winner!

Build Orders:  

Get SALT Encoding   

  12  0:01  SCV  
  13  0:18  SCV  
  14  0:24  Supply Depot  
  14  0:35  SCV  
  15  0:58  Barracks  
  15  1:00  SCV  
  15  1:04  Refinery  
  16  1:17  SCV  
  17  1:34  SCV  
  18  1:53  SCV  
  19  2:04  Barracks Reactor  
  19  2:10  Command Center  
  19  2:25  Orbital Command  
  19  2:55  Marine x2  
  21  3:03  SCV  
  22  3:20  Supply Depot, Marine  
  23  3:50  SCV, Marine  
  23  3:57  Orbital Command  
  25  4:07  SCV  
  26  4:21  Factory  
  26  4:34  SCV x2  
  28  4:43  Marine x2  
  30  4:51  SCV x2  
  32  5:05  Refinery  
  32  5:08  SCV x2, Marine x2  
  36  5:26  Factory Tech Lab  
  36  5:30  Starport  
  36  5:33  Marine x2  
  38  5:44  SCV x2  
  40  5:58  Marine x2  
  42  6:01  SCV x2  
  44  6:18  Supply Depot  
  44  6:34  Supply Depot  
  44  6:48  Siege Tank  
  47  6:50  Supply Depot  
  47  7:02  Bunker  
  47  7:08  Viking  
  49  7:16  Marine x2  
  51  7:23  Supply Depot  
  51  7:33  Siege Tank  
  54  7:41  Marine x2  
  43  8:06  Marine  
  42  8:18  Supply Depot  
  42  8:23  Supply Depot  
  42  8:26  Marine  
  43  8:30  Marine  
  44  8:51  Marine  
  44  8:52  Supply Depot  
  44  8:55  Marine  
  46  9:14  Refinery  
  46  9:39  Marine x2  
  47  9:44  Starport Tech Lab  
  47  9:49  SCV x2  
  49  10:03  Marine  
  49  10:04  Marine  
  49  10:06  SCV x2  
  51  10:27  Barracks x2  
  51  10:28  Marine  
  51  10:29  Marine  
  53  10:31  Barracks  
  53  10:36  Barracks  
  53  10:38  SCV  
  54  10:53  Marine  
  54  10:55  SCV, Siege Tank  
  54  10:57  Medivac  
  61  11:01  Marine  
  62  11:18  Marine  
  63  11:26  Marine  
  64  11:39  Medivac  
  66  11:40  Siege Tank, Supply Depot  
  66  11:42  Supply Depot  
  66  11:43  Marine  
  70  11:51  Marine  
  70  11:52  Barracks Tech Lab x2, Barracks Reactor x2  
  71  12:08  Marine  
  72  12:14  Supply Depot  
  72  12:16  Supply Depot, Marine, Stimpack  
  73  12:21  Medivac  
  76  12:33  Marine  
  76  12:35  Marauder x2  
  80  12:41  Marine  
  80  12:45  Unknown  
  80  12:49  Supply Depot  
  81  12:52  SCV x2, Supply Depot  
  81  12:58  Refinery, Marine  
  84  13:03  Medivac  
  84  13:04  Cyclone  
  84  13:05  Marauder x2  
  84  13:06  Marine  
  84  13:09  SCV x2  
  96  13:16  Marine x4  
  100  13:20  Supply Depot  
  100  13:23  Marine  
  100  13:27  Supply Depot  
  101  13:31  Marine  
  101  13:35  Marauder x2  
  106  13:41  Marine x4  
  106  13:44  SCV  
  106  13:45  SCV, Medivac  
  106  13:48  Marine  
  106  13:49  Cyclone  
  118  13:52  Supply Depot  
  118  13:56  Marine  
  119  14:01  SCV  
  119  14:05  Marauder x2  
  119  14:06  Marine x4  
  128  14:13  Marine  
  129  14:21  Marine  
  129  14:23  Supply Depot  
  129  14:27  Medivac, Engineering Bay  
  132  14:31  Marine x4  
  132  14:35  Marauder x2  
  140  15:04  Marine  
  140  15:05  Marine  
  140  15:09  Medivac, Engineering Bay  
  144  15:13  Terran Infantry Weapons Level 1  
  144  15:14  Armory  
  147  15:36  Marauder x2  
  147  15:38  Marine x5  
  147  15:39  Marine  
  156  16:03  Marine x5  
  156  16:04  Marine  
  156  16:06  Marauder x2  
  164  16:11  Terran Infantry Armor Level 1  
  164  16:18  Armory  
  164  16:28  Marine x6, Fusion Core  
  170  16:31  Terran Vehicle Weapons Level 1  
  170  16:36  Marauder x2  
  174  16:53  Marine x2  
  176  17:06  Marauder x2  
  180  17:25  Fusion Core  
  180  17:31  Thor  
  180  17:36  Marauder x2  
  190  17:49  Medivac  
  192  18:09  Siege Tank x3  
  192  18:12  Siege Tank  
  192  18:27  Supply Depot  
  192  18:31  Thor  
  198  19:19  Weapon Refit  
  175  20:20  Thor  
Tags
 
Matchup
Co-op
Add a new tag
Caveats
  • Supply blocks, unpowered buildings, or Contaminate may cause inaccurate times.
  • Supply counts are checked every 10 seconds.